 Dungeon Crawl Stone Soup version 0.17.0-57-g0e89251 (webtiles) character file.

25 homeworkjunkie the Sneak (level 3, 0/24 HPs)
             Began as an Octopode Assassin on Dec 8, 2015.
             Was an Initiate of Okawaru.
             Slain by a bat (1 damage)
             ... on level 2 of the Dungeon.
             The game lasted 00:01:57 (361 turns).

homeworkjunkie the Sneak (Octopode Assassin)         Turns: 361, Time: 00:01:57

Health: 0/24       AC:  1    Str: 10    XL:     3   Next: 4%
Magic:  3/3        EV: 12    Int: 13    God:    Okawaru [......]
Gold:   57         SH:  0    Dex: 14    Spells: 0 memorised, 2 levels left

rFire  . . .     SeeInvis .     b - +0 blowgun
rCold  . . .     Clarity  .     (no shield)
rNeg   . . .     SustAt   .     (helmet restricted)
rPois  .         Gourm    .     (no amulet)
rElec  .         Spirit   .     (no ring)
rCorr  .         Warding  .     (no ring)
rMut   .         Stasis   .     (no ring)
MR     .....                    (no ring)
Stlth  +++++.....               (no ring)
                                (no ring)
                                (no ring)
                                (no ring)

@: not resistant to hostile enchantments, quite stealthy
A: almost no armour, amphibious, 8 rings, constrict 8, camouflage 1, gelatinous
body 1
a: Renounce Religion


You were on level 2 of the Dungeon.
You worshipped Okawaru.
Okawaru was noncommittal.
You were not hungry.

You visited 1 branch of the dungeon, and saw 2 of its levels.

You collected 57 gold pieces.

Inventory:

Hand Weapons
 a - a +2 dagger
 b - a +0 blowgun (weapon)
 q - a +0 hunting sling
Missiles
 c - 5 poisoned needles (quivered)
 d - 2 curare-tipped needles
Scrolls
 f - a scroll of fog {unknown}
Comestibles
 e - 2 bread rations
 h - a slice of pizza
 i - a beef jerky
 j - a meat ration


   Skills:
 * Level 2.1 Fighting
 * Level 2.3 Short Blades
 * Level 2.2 Throwing
 * Level 1.2 Dodging
 * Level 6.0 Stealth


You had 2 spell levels left.
You didn't know any spells.

Dungeon Overview and Level Annotations

Branches:
Dungeon (2/15)

Altars:
Okawaru


Innate Abilities, Weirdness & Mutations

You cannot wear most types of armour.
You are amphibious.
You can wear up to eight rings at the same time.
You can use your tentacles to constrict eight enemies at once.
Your skin changes colour to match your surroundings (Stealth).
Your rubbery body absorbs attacks (AC +1).


Message History

The bat barely misses you. The bat completely misses you.
The bat hits you but does no damage. The bat barely misses you.
The bat barely misses you. The quokka bites you.
* * * LOW HITPOINT WARNING * * *
Really attack while wielding your +0 blowgun? [Y]es or [N]o only, please.
Really attack while wielding your +0 blowgun? [Y]es or [N]o only, please.
Really attack while wielding your +0 blowgun? [Y]es or [N]o only, please.
Really attack while wielding your +0 blowgun? [Y]es or [N]o only, please.
Really attack while wielding your +0 blowgun? [Y]es or [N]o only, please.
Really attack while wielding your +0 blowgun?
Okay, then.
Unknown command.
The bat hits you.
You die...

.#####.##.##...# #.......#
....##.........# #.....#.#
###.##.##......# #.....#.#
###.##........########.....#.#
..#.##..#.##.#.......#.......####
#.#.##.....†.#.#####............#
#............#.#...#.####.#####.#
....###.####.#.#.....# #.# .
##### #...<..#.b@..#.####.#
########r...........#
#..#.#''#.#..# #....#.†#....#
#..########..### ##.'.#?$#)'....#
#.'.#%!#.'....# #.###..###....#
#...#†.#......#


You could see a quokka and a bat.

Vanquished Creatures
  An adder (D:2)
  A giant gecko (D:2)
  5 goblins
  A hobgoblin (D:2)
  A jackal (D:2)
  A kobold (D:2)
  3 bats
  A giant cockroach (D:1)
  A giant newt (D:2)
15 creatures vanquished.

Notes
Turn   | Place    | Note
--------------------------------------------------------------
     0 | D:1      | homeworkjunkie the Octopode Assassin began the quest for the Orb.
     0 | D:1      | Reached XP level 1. HP: 14/14 MP: 1/1
   108 | D:2      | Found an iron altar of Okawaru.
   124 | D:2      | Became a worshipper of Warmaster Okawaru
   179 | D:2      | Reached XP level 2. HP: 16/19 MP: 2/2
   343 | D:2      | Reached skill level 6 in Stealth
   343 | D:2      | Reached XP level 3. HP: 12/24 MP: 3/3
   360 | D:2      | HP: 1/24 [quokka (5)]
   361 | D:2      | Slain by a bat

Action                   || total
-------------------------++-------
Melee: Dagger            ||    21
 Fire: Blowgun           ||     5
  Use: Scroll            ||     2
 Stab: Sleeping          ||     8
       Distracted        ||     1
